 Dungeon Crawl Stone Soup version 0.29.1-15-g9cfb28693d (webtiles) character file.

Game seed: 3290343603792898175

289 redmage the Digger (level 6, -2/45 HPs)
             Began as a Meteoran Earth Elementalist on Sept 11, 2023.
             Was an Initiate of Yredelemnul.
             Killed from afar by an orc wizard (13 damage)
             ... with a puff of flame
             ... on level 6 of the Dungeon.
             The game lasted 00:06:04 (427 turns).

redmage the Digger (Meteoran Earth Elementalist)     Turns: 427, Time: 00:06:06

Health: -2/45      AC:  2    Str:  9    XL:     6   Next: 89%
Magic:  3/14       EV: 12    Int: 20    God:    Yredelemnul [......]
Gold:   36         SH:  0    Dex: 14    Spells: 9/15 levels left

rFire   . . .      SeeInvis .   i - +1 dagger (venom)
rCold   . . .      Faith    .   (no shield)
rNeg    . . .      Spirit   .   a - +0 robe
rPois   .          Reflect  .   (no helmet)
rElec   .          Harm     .   (no cloak)
rCorr   .          Rampage  .   (no gloves)
Will    .....                   (no boots)
Stlth   +.........              (no amulet)
HPRegen 0.15/turn               (no ring)
MPRegen 0.14/turn               (no ring)

@: mesmerised, glowing
A: sense surroundings 1, otherworldly, glowing, explore regen
a: Renounce Religion, Recall Undead Harvest


You were on level 6 of the Dungeon.
You worshipped Yredelemnul.
Yredelemnul was noncommittal.
You visited 1 branch of the dungeon, and saw 6 of its levels.

You collected 36 gold pieces.

Inventory:

Hand Weapons
 i - a +1 dagger of venom (weapon)
Armour
 a - a +0 robe (worn)
Scrolls
 c - a scroll of noise {unknown}
 f - 3 scrolls of enchant weapon {unknown}
 g - 2 scrolls of identify {unknown}
 h - a scroll of blinking {unknown}
Potions
 b - a potion of magic
 d - a potion of brilliance {unknown}
 e - a potion of degeneration {unknown}
 j - a potion of curing


   Skills:
 - Level 2.4 Dodging
 - Level 1.4 Stealth
 + Level 5.1 Spellcasting
 + Level 3.6 Conjurations
 - Level 1.2 Transmutations
 + Level 5.7 Earth Magic


You had 9 spell levels left.
You knew the following spells:

 Your Spells              Type           Power      Damage    Failure   Level
a - Sandblast             Erth           56%        2d13      1%          1
b - Passwall              Tmut/Erth      15%        N/A       4%          2
c - Stone Arrow           Conj/Erth      46%        3d9       4%          3

Your spell library contained the following spells:

 Spells                   Type           Power      Damage    Failure   Level
 Petrify                  Tmut/Erth      19%        N/A       26%         4


Dungeon Overview and Level Annotations

Branches:
Dungeon (6/15) Zot: 3149
 Temple: D:4-7

Altars:
Yredelemnul

Annotations:
D:6 Maggie


Innate Abilities, Weirdness & Mutations

You passively map a small area around you.
You are easily found by Zot.
You glow in the dark.
You regain HP and MP as you explore.


Message History

Aim: Menkaure (almost destroyed, ally target, 92% to hit)
The blast of sand hits Menkaure!
You destroy Menkaure!
The orc wizard points at you and mumbles some strange words.
The puff of flame misses you.
The puff of flame hits Maggie but does no damage.
Something hits your orc zombie.
Your Spellcasting skill increases to level 5!
Your Conjurations skill increases to level 3!
It was a potion of curing.
You feel better.
Maggie hits you with a +1 vorpal long sword!
* * * LOW HITPOINT WARNING * * *
x2 You feel better.
Maggie barely misses you.
The orc hits your orc zombie with a +0 flail.
The orc wizard casts a spell at you. The puff of flame hits you!
* * * LOW HITPOINT WARNING * * *
Casting: Sandblast (safe; 1% risk of failure)
Confirm with . or Enter, or press ? or * to list all spells.
Aiming: Stone Arrow (dangerous; 4% risk of failure)
Press: ? - help, Shift-Dir - straight line, f - Maggie
Aim: Maggie, wielding a +1 vorpal long sword and wearing +0 swamp dragon scales (mesmerising, ally target, 75% to hit)
The stone arrow misses Maggie.
The orc wizard points at you and mumbles some strange words.
The puff of flame misses you.
The puff of flame hits Maggie!
Maggie shouts at your orc zombie, "Leave me alone!"
Casting: Stone Arrow (dangerous; 4% risk of failure)
Confirm with . or Enter, or press ? or * to list all spells.
Aiming: Stone Arrow (dangerous; 4% risk of failure)
Press: ? - help, Shift-Dir - straight line, f/p - Maggie
Aim: Maggie, wielding a +1 vorpal long sword and wearing +0 swamp dragon scales (lightly wounded, mesmerising, ally target, 75% to hit)
The stone arrow hits Maggie!
Maggie is moderately wounded.
The orc shouts!
The orc hits your orc zombie with a +0 flail!
Your orc zombie is destroyed!
The orc wizard gestures at you while chanting.
The puff of flame hits you!
You die...
Your body rises from the dead as a mindless zombie.

, ## , #.,
* #.. , *
**, .o. ,,
* #.#,
**,,,
,#.)# * ,
#..@## * ,
,#...@#
*,,
#..#....#,
* ####o..
* ...# , *
...# *
*#.## o.
.## , *


You could see Maggie (mesmerising), an orc wizard and 2 orcs.

Vanquished Creatures
  Menkaure (D:6)
  A scorpion (D:5)
  A hound (D:5)
  An iguana (D:5)
  A gnoll (D:1)
  An adder (D:3)
  4 orcs
  An endoplasm (D:2)
  2 goblins
  4 hobgoblins (D:2)
  3 jackals (D:2)
  A quokka (D:2)
  A ball python (D:3)
  A frilled lizard (D:2)
  A kobold (D:2)
24 creatures vanquished.

Vanquished Creatures (collateral kills)
  An orc (D:5)
  A jackal (D:2)
  A quokka (D:5)
  A ball python (D:1)
4 creatures vanquished.

Vanquished Creatures (others)
  An orc (D:6)
  4 orc zombies
  A quokka zombie (D:1)
6 creatures vanquished.

Grand Total: 34 creatures vanquished

Notes
Turn   | Place    | Note
-------+----------+-------------------------------------------
     0 | D:1      | redmage the Meteoran Earth Elementalist began the quest for
                  | the Orb.
     0 | D:1      | Reached XP level 1. HP: 14/14 MP: 5/5
    43 | D:1      | Found a faded altar of an unknown god.
    49 | D:1      | Prayed at the altar of an unknown god.
    49 | D:1      | Became a worshipper of Yredelemnul the Dark
    49 | D:1      | Reached * piety under Yredelemnul
   136 | D:1      | Reached XP level 2. HP: 16/20 MP: 1/7
   180 | D:2      | Reached XP level 3. HP: 26/26 MP: 5/8
   187 | D:2      | Learned a level 2 spell: Passwall
   191 | D:2      | Learned a level 3 spell: Stone Arrow
   231 | D:2      | Reached skill level 1 in Conjurations
   257 | D:5      | Entered Level 5 of the Dungeon
   265 | D:5      | Reached XP level 4. HP: 33/33 MP: 8/10
   357 | D:5      | Noticed a scorpion
   365 | D:5      | Killed a scorpion
   366 | D:5      | Reached XP level 5. HP: 34/38 MP: 6/12
   387 | D:5      | Reached skill level 5 in Earth Magic
   404 | D:5      | Reached XP level 6. HP: 26/45 MP: 10/13
   419 | D:6      | Noticed Maggie
   419 | D:6      | Noticed Menkaure
   423 | D:6      | Killed Menkaure
   424 | D:6      | Reached skill level 5 in Spellcasting
   427 | D:6      | Killed from afar by an orc wizard

Illustrated notes

Levels and vault maps discovered:
D:1:      lightli_arrival_quake, layout_basic,
          hellmonk_ecumenical_altar_heavens_door, chequers_arboretum,
          st_stairs_5
D:2:      layout_loops_ring
D:3:      minmay_diamond_boxcup, layout_loops_ring, serial_shops,
          nicolae_lakefront_shop, corexii_shack, uniq_sigmund, uniq_ijyb
D:4:      layout_loops_ring, minmay_overflow_temple_star_quad,
          minmay_temple_entry_large_hall, gammafunk_ghost_gnarly_gnolls,
          uniq_blork_the_orc, uniq_edmund
D:5:      layout_cave_pods, minivault_23, kennysheep_generic_room_7
D:6:      layout_loops_ring, uniq_maggie, uniq_menkaure, uniq_eustachio

Skill      XL: |  1  2  3  4  5  6 |
---------------+-------------------+-----
Spellcasting   | 3 4 5 |  5.1
Earth Magic    | 4 5 |  5.7
Conjurations   | 1 2 3 |  3.6
Dodging        | |  2.4
Stealth        | |  1.4
Transmutations | |  1.2

Action                   |  1- 3 |  4- 6 || total
-------------------------+-------+-------++-------
 Cast: Sandblast         |    27 |    21 ||    48
       Stone Arrow       |       |     2 ||     2
  Use: Potion            |       |     2 ||     2
Armor: Robe              |     2 |     3 ||     5
Dodge: Dodged            |     7 |    12 ||    19
